 Dungeon Crawl Stone Soup version 0.31.0-11-ge490571c62 (webtiles) character file.

Game seed: 13435327667823639726

13231 browni3141 the Cleaver (level 11, 0/99 HPs)
             Began as a Minotaur Fighter on Jan 29, 2024.
             Was a High Priest of Okawaru.
             Slain by a soul eater (11 damage)
             ... on level 10 of the Dungeon.
             The game lasted 00:05:12 (7559 turns).

browni3141 the Cleaver (Minotaur Fighter)           Turns: 7559, Time: 00:05:13

Health: 0/99       AC: 20    Str: 25    XL:     11   Next: 72%
Magic:  15/15      EV:  8    Int:  5    God:    Okawaru [*****.]
Gold:   609        SH:  6    Dex: 10    Spells: 10/10 levels left

rFire   . . .        S - +5 broad axe
rCold   . . .        c - +0 buckler
rNeg    . . .        H - +4 chain mail
rPois   .            (helmet restricted)
rElec   .            (no cloak)
rCorr   .            q - +0 pair of gloves
SInv    .            (no boots)
Will    +....        k - amulet of regeneration Stlth
                     D - +4 ring of protection
HPRegen 1.16/turn    w - ring of willpower
MPRegen 0.14/turn

%: no passive effects
@: no status effects
A: horns 2, retaliatory headbutt
a: Renounce Religion, Heroism, Finesse, Duel


You were on level 10 of the Dungeon.
You worshipped Okawaru.
Okawaru was extremely pleased with you.
You visited 2 branches of the dungeon, and saw 11 of its levels.
You also visited: Bailey.

You collected 651 gold pieces.
You spent 42 gold pieces at shops.

Inventory:

Hand Weapons
 a - a +0 war axe
 M - a +2 war axe
 S - a +5 broad axe (weapon)
Missiles
 v - 23 boomerangs (quivered)
 G - a curare-tipped dart
 K - 6 javelins
 Y - a throwing net
Armour
 b - a +0 scale mail
 c - a +0 buckler (worn)
 p - a +0 plate armour
 q - a +0 pair of gloves (worn)
 H - a +4 chain mail (worn)
Jewellery
 k - an amulet of regeneration (around neck)
 w - a ring of willpower (right hand)
 x - a ring of see invisible
 D - a +4 ring of protection (left hand)
 I - a +6 ring of strength
 J - a ring of flight
Wands
 y - a wand of iceblast (16)
 X - a wand of flame (10)
Scrolls
 e - 2 scrolls of immolation
 i - 3 scrolls of poison
 l - a scroll of brand weapon
 o - a scroll of silence
 z - a scroll of torment
 A - a scroll of amnesia
 B - a scroll of vulnerability
 C - 2 scrolls of teleportation
 L - a scroll of fear
 P - 3 scrolls of enchant weapon {unknown}
 Q - a scroll of revelation
 T - a scroll of fog {unknown}
 Z - a scroll of blinking {unknown}
Potions
 f - 5 potions of heal wounds {unknown}
 g - a potion of cancellation {unknown}
 h - 4 potions of brilliance {unknown}
 j - a potion of magic {unknown}
 m - 2 potions of berserk rage {unknown}
 n - 2 potions of lignification {unknown}
 s - 5 potions of curing {unknown}
 u - 2 potions of enlightenment {unknown}
 E - a potion of resistance {unknown}
 F - 4 potions of attraction {unknown}
 N - a potion of ambrosia {unknown}
 O - 2 potions of mutation {unknown}
 R - a potion of haste {unknown}
 W - a potion of degeneration {unknown}
Miscellaneous
 V - a lightning rod (4/4)


   Skills:
 + Level 9.7 Fighting
 * Level 12.4 Axes
 + Level 7.0 Throwing
 + Level 9.5 Armour
 + Level 9.4 Shields
 + Level 6.8 Invocations


You had 10 spell levels left.
You didn't know any spells.
Your spell library was empty.

Dungeon Overview and Level Annotations

Branches:
Dungeon (10/15)            Temple (1/1) D:4            Lair (0/5) D:10
 Bailey (visited)
    Orc: D:9-12

Altars:
Ashenzari
Cheibriados
Dithmenos
Elyvilon
Fedhas
Gozag
Hepliaklqana
Kikubaaqudgha
Makhleb
Nemelex Xobeh
Okawaru
Qazlal
Sif Muna
Trog
Uskayaw
Vehumet
Wu Jian
Xom
Yredelemnul
Zin
The Shining One

Shops:
D:1 *

Annotations:
Temple 2 transporters


Innate Abilities, Weirdness & Mutations

You have a pair of horns on your head.
You reflexively headbutt those who attack you in melee.


Message History

The red devil hits you from afar with a +0 demon trident!
Barbed spikes become lodged in your body.
Okay, then.
Unknown command.
You gain the combat prowess of a mighty hero.
You block the red devil's attack.
You throw a boomerang.
The boomerang barely misses the red devil.
You block the red devil's attack.
You throw a boomerang. The boomerang hits the red devil!!
The red devil is heavily wounded.
The red devil hits you from afar with a +0 demon trident.
Barbed spikes become lodged in your body.
You throw a boomerang. The boomerang hits the red devil!!
You kill the red devil!
Okawaru accepts your kill.
No target in view!
No target in view!
You carefully extract the barbed spikes from your body.
Magic restored.
A two-headed ogre comes into view. It is wielding two +0 giant clubs.
A two-headed ogre is nearby!
A two-headed ogre is nearby!
A two-headed ogre is nearby!
You throw a boomerang. The two-headed ogre shouts in stereo!
The boomerang hits the two-headed ogre!!
The two-headed ogre is moderately wounded.
You throw a boomerang. The boomerang hits the two-headed ogre.
The two-headed ogre is heavily wounded.
You throw a boomerang. The boomerang hits the two-headed ogre!
The two-headed ogre is severely wounded.
You throw a boomerang.
The boomerang hits the two-headed ogre but does no damage.
The two-headed ogre is severely wounded.
You feel like a meek peon again.
You throw a boomerang. The boomerang hits the two-headed ogre!
The two-headed ogre is almost dead.
You slash the two-headed ogre!
You kill the two-headed ogre!
Okawaru is honoured by your kill.
You can now enter into single combat with a foe.
Okawaru will now gift you throwing weapons as you gain piety.
Your Throwing skill increases to level 7!
Things that are here:
a +0 giant club; a +0 giant club; a two-headed ogre corpse HP restored.
You now have 609 gold pieces (gained 21).
Things that are here:
a +0 dagger; a +0 robe
e - 2 scrolls of immolation (gained 1)
A centaur comes into view.
A centaur is nearby!
A centaur is nearby!
A centaur is nearby!
A sun demon and a two-headed ogre come into view.
The sun demon shouts!
The two-headed ogre shouts in stereo!
The centaur wields a +2 orcbow of flaming.
It bursts into flame!
The centaur shoots an arrow.
The arrow hits you. The arrow burns you.
The centaur shoots an arrow.
The arrow hits you but does no damage.
A soul eater comes into view.
The centaur shoots an arrow.
The arrow hits you. The arrow burns you.
The soul eater draws from the surrounding life force!
The centaur unwields a +2 orcbow of flaming.
It stops flaming.
The centaur misses you. The centaur closely misses you.
You block the sun demon's attack.
You closely miss the sun demon.
You headbutt the sun demon, but do no damage.
You hit the centaur but do no damage.
The centaur hits you but does no damage.
The centaur kicks you but does no damage.
The sun demon hits you.
You are engulfed in flames!
You barely miss the sun demon. You headbutt the sun demon!
The sun demon is lightly wounded.
You completely miss the centaur. You block the centaur's attack.
The centaur kicks you but does no damage.
The sun demon closely misses you.
You hit the sun demon. Your headbutt misses the sun demon.
The sun demon is moderately wounded.
You hit the two-headed ogre. You slash the centaur!
The centaur hits you but does no damage.
The centaur kicks you.
The sun demon hits you but does no damage.
The two-headed ogre hits you but does no damage.
The two-headed ogre hits you with a +0 giant club!
You closely miss the sun demon. Your headbutt misses the sun demon.
The sun demon is moderately wounded.
You slash the two-headed ogre!
You hit the soul eater but do no damage.
The sun demon hits you.
You are engulfed in flames!
The two-headed ogre hits you with a +0 dire flail.
The two-headed ogre completely misses you.
As you read the scroll of fear, it crumbles to dust.
You assume a fearsome visage.
The soul eater easily resists.
The sun demon resists with some effort.
The two-headed ogre looks frightened!
The centaur looks frightened!
The centaur supplicates abjectly, "Please don't kill me!"
The sun demon hits you!
You are engulfed in flames!
The soul eater hits you!
You die...

#.# ##........)
#.# #..P...... #.#
##.......# #.#
#.......#
#.#########.....##
#.#...... ##...#
#........
#........
#@O......
#.33......
........?..
#...c.......
###.........
#.........
##.......#
.........


You could see a soul eater, a two-headed ogre (fleeing), a sun demon and a
centaur (fleeing).

Vanquished Creatures
  An orc warlord (Bailey)
  A two-headed ogre (D:10)
  A red devil (D:10)
  A troll (D:10)
  A hornet (D:8)
  A hellwing (D:10)
  Sigmund (D:4)
  A shadow (D:10)
  5 wyverns
  A warg (D:10)
  2 steam dragons (D:9)
  2 water moccasins
  5 orc warriors
  A sky beast (D:6)
  An ice beast (D:5)
  An ogre (D:6)
  2 wolves (D:10)
  3 kobold brigands
  Blork the orc (D:4)
  5 bullfrogs
  2 scorpions
  13 wights
  15 killer bees
  5 howler monkeys
  A bombardier beetle (D:7)
  A centaur zombie (D:8)
  A quasit (D:10)
  4 hounds
  4 orc priests
  3 jellies
  2 sleepcaps
  Jessica (D:3)
  4 orc wizards
  An iguana (D:5)
  A howler monkey zombie (D:8)
  Robin (D:4)
  2 gnolls (Bailey)
  3 adders
  2 white imps
  8 ufetubi
  3 dart slugs (D:1)
  A ribbon worm (D:2)
  27 orcs
  11 endoplasms
  A giant cockroach (D:1)
  13 goblins
  9 hobgoblins
  3 quokkas (D:1)
  4 ball pythons (D:1)
  5 bats
  2 frilled lizards (D:3)
  29 kobolds
  9 rats
228 creatures vanquished.

Notes
Turn   | Place    | Note
-------+----------+-------------------------------------------
     0 | D:1      | browni3141 the Minotaur Fighter began the quest for the
                  | Orb.
     0 | D:1      | Reached XP level 1. HP: 19/19 MP: 0/0
   131 | D:1      | Reached XP level 2. HP: 22/27 MP: 1/1
   232 | D:1      | Reached skill level 3 in Axes
   456 | D:1      | Found Atiysaidyl's Assorted Antiques.
   485 | D:1      | Bought a brown potion for 21 gold pieces
   485 | D:1      | Bought a bubbling golden potion for 21 gold pieces
   556 | D:1      | Reached XP level 3. HP: 33/33 MP: 2/2
  1315 | D:3      | Found a bloodstained altar of Trog.
  1735 | D:3      | Noticed Jessica
  1738 | D:3      | Killed Jessica
  1739 | D:3      | Reached XP level 4. HP: 40/40 MP: 3/3
  1746 | D:3      | Noticed a scorpion
  1752 | D:3      | Killed a scorpion
  1753 | D:3      | Reached skill level 4 in Axes
  1753 | D:3      | Reached XP level 5. HP: 40/47 MP: 4/4
  2234 | D:4      | Found a staircase to the Ecumenical Temple.
  2252 | Temple   | Found a transporter.
  2252 | Temple   | Found a transporter.
  2252 | Temple   | Found a transporter.
  2252 | Temple   | Found a transporter.
  2252 | Temple   | Entered the Ecumenical Temple
  2370 | Temple   | Became a worshipper of Warmaster Okawaru
  2401 | D:4      | Noticed Robin
  2415 | D:4      | Killed Robin
  2521 | D:4      | Noticed Blork the orc
  2533 | D:4      | Killed Blork the orc
  2534 | D:4      | Reached skill level 5 in Axes
  2534 | D:4      | Reached XP level 6. HP: 41/55 MP: 5/5
  2671 | D:4      | Noticed Sigmund
  2673 | D:4      | Found a snail-covered altar of Cheibriados.
  2692 | D:4      | Killed Sigmund
  2693 | D:4      | Reached skill level 5 in Fighting
  2693 | D:4      | Reached skill level 1 in Throwing
  2693 | D:4      | Reached skill level 5 in Armour
  2693 | D:4      | Reached skill level 5 in Shields
  2693 | D:4      | Reached skill level 1 in Invocations
  2700 | D:4      | Found a sparkling altar of Nemelex Xobeh.
  2701 | D:4      | Found a shimmering altar of Xom.
  2702 | D:4      | Found a stormy altar of Qazlal.
  2717 | D:4      | Reached * piety under Okawaru
  2853 | D:5      | Entered Level 5 of the Dungeon
  2903 | D:5      | Found a glowing golden altar of the Shining One.
  3076 | D:5      | Reached XP level 7. HP: 55/61 MP: 7/7
  3148 | D:5      | Reached skill level 6 in Axes
  3643 | D:5      | Found a radiant altar of Vehumet.
  3801 | D:6      | Reached ** piety under Okawaru
  3802 | D:6      | Reached XP level 8. HP: 66/70 MP: 8/8
  3867 | D:6      | Found a shadowy altar of Dithmenos.
  3934 | D:6      | Reached skill level 7 in Axes
  4786 | D:7      | Reached skill level 8 in Axes
  5004 | D:7      | Reached XP level 9. HP: 24/78 MP: 7/10
  5204 | D:7      | Reached *** piety under Okawaru
  5297 | D:7      | Identified the +8 rapier of the Tooth {freeze, Int+6}
  5919 | D:8      | Reached skill level 9 in Axes
  6155 | D:8      | Found a basalt altar of Yredelemnul.
  6257 | D:9      | Reached **** piety under Okawaru
  6266 | D:9      | Reached XP level 10. HP: 79/88 MP: 12/12
  6358 | D:9      | Reached skill level 5 in Throwing
  6490 | D:9      | Reached skill level 5 in Invocations
  6506 | D:9      | Found a flagged portal.
  6515 | Bailey   | Entered a bailey
  6520 | Bailey   | Noticed an orc warlord
  6552 | Bailey   | Reached skill level 10 in Axes
  6559 | Bailey   | Found a runed translucent gate.
  6559 | Bailey   | Found a runed translucent gate.
  6581 | Bailey   | Found a runed translucent gate.
  6798 | Bailey   | Killed an orc warlord
  6866 | Bailey   | Reached skill level 11 in Axes
  6866 | Bailey   | Reached XP level 11. HP: 97/97 MP: 12/14
  7083 | D:9      | Found a blossoming altar of Fedhas.
  7092 | D:9      | Reached skill level 12 in Axes
  7381 | D:10     | Entered Level 10 of the Dungeon
  7437 | D:10     | Found a staircase to the Lair.
  7506 | D:10     | Noticed a two-headed ogre
  7512 | D:10     | Killed a two-headed ogre
  7512 | D:10     | Reached ***** piety under Okawaru
  7551 | D:10     | Noticed a sun demon
  7551 | D:10     | Noticed a two-headed ogre
  7552 | D:10     | Noticed a soul eater
  7559 | D:10     | Slain by a soul eater

Illustrated notes

Levels and vault maps discovered:
D:1:      lemuel_arrival_room, layout_basic, serial_shops,
          nicolae_shop_tiny_waterfront, minmay_split_cup_small
D:2:      layout_rooms, nicolae_elevator_lobby_asterisk
D:3:      layout_loops_corners, bloody_trog,
          wander_ebering_terrifying_dragon_lair, uniq_jessica
D:4:      layout_cave_pools, mainiacjoe_overflow_alcove_3,
          minmay_temple_entry_statues_fountains, uniq_blork_the_orc, uniq_robin,
          uniq_sigmund
D:5:      layout_basic, mainiacjoe_overflow_alcove_2, tso_metal_star
D:6:      layout_basic, grunt_dithmenos_smoke_and_mirrors
D:7:      layout_layer_cave
D:8:      layout_gridville, lemuel_zombie_altar_yredelemnul
D:9:      layout_irregular_city, kennysheep_mini_moat, enter_bailey_8
D:10:     layout_rooms, mainiacjoe_overflow_paths, erik_lair_orcish_takeover,
          serial_demonic, serial_demonic_f, serial_demonic_b, serial_demonic_b,
          serial_demonic_a, serial_demonic_a, serial_demonic_d, minivault_8
Temple:   hellmonk_temple_divided_pantheon

Skill      XL: |  1  2  3  4  5  6  7  8  9 10 11 |
---------------+----------------------------------+-----
Axes           | 3 4 5 6 8 9 11 12 | 12.4
Shields        | 4 5 6 7 9 |  9.4
Fighting       | 4 5 6 7 9 |  9.7
Armour         | 4 5 6 7 9 |  9.5
Throwing       | 1 2 3 4 6 7 |  7.0
Invocations    | 1 2 3 4 6 |  6.8

Action                     |  1- 3 |  4- 6 |  7- 9 | 10-12 || total
---------------------------+-------+-------+-------+-------++-------
  Melee: War axe           |    75 |    75 |   268 |    71 ||   489
         Headbutt          |     7 |    10 |    52 |    26 ||    95
         Broad axe         |       |       |       |    64 ||    64
  Throw: Boomerang         |       |       |       |     8 ||     8
 Invoke: Heroism           |       |       |     2 |     2 ||     4
         Finesse           |       |       |       |     1 ||     1
    Use: Scroll            |       |       |     8 |     4 ||    12
         Potion            |       |       |     1 |     1 ||     2
 Armour: Scale mail        |    40 |       |       |       ||    40
         Plate armour      |     6 |    77 |   169 |       ||   252
         Chain mail        |       |       |    91 |   143 ||   234
  Dodge: Dodged            |    45 |    29 |   113 |    62 ||   249
  Block: Buckler           |    18 |    17 |    81 |    46 ||   162
